 Dungeon Crawl Stone Soup version 0.22-a0-282-gdd34a7d (webtiles) character file.

837 nikopol the Magician (level 7, -1/36 HPs)
             Began as a Deep Elf Fire Elementalist on Mar 17, 2018.
             Was a Follower of Sif Muna.
             Shot with an arrow by a centaur (16 damage)
             ... on level 5 of the Dungeon.
             The game lasted 00:15:35 (5499 turns).

nikopol the Magician (Deep Elf Fire Elementalist)   Turns: 5499, Time: 00:15:36

Health: -1/36      AC:  2    Str:  5    XL:     7   Next: 66%
Magic:  8/19       EV: 13    Int: 24    God:    Sif Muna [*.....]
Gold:   309        SH:  0    Dex: 15    Spells: 5/20 levels left

rFire    . . .     SeeInvis .   (no weapon)
rCold    + . .     Gourm    .   (no shield)
rNeg     . . .     Faith    .   a - +0 robe
rPois    .         Spirit   .   (no helmet)
rElec    .         Reflect  .   y - scarf {repulsion}
rCorr    .         Harm     .   (no gloves)
MR       .....                  (no boots)
Stlth    ++........             (no amulet)
HPRegen  0.12/turn              d - +2 ring of intelligence
MPRegen  0.16/turn              o - ring of protection from cold

@: repel missiles
A: no striking features
a: Divine Energy, Renounce Religion


You were on level 5 of the Dungeon.
You worshipped Sif Muna.
Sif Muna was aware of your devotion.
You were hungry.

You visited 2 branches of the dungeon, and saw 6 of its levels.

You collected 309 gold pieces.

Inventory:

Armour
 a - a +0 robe (worn)
 y - a scarf of repulsion (worn)
Jewellery
 d - a +2 ring of intelligence (left hand)
 e - an uncursed ring of stealth
 o - a ring of protection from cold (right hand)
Scrolls
 g - 4 scrolls of remove curse {unknown}
 h - a scroll of amnesia {unknown}
 j - 2 scrolls of noise {unknown}
 m - a scroll of enchant armour {unknown}
 n - 2 scrolls of identify {unknown}
 u - 2 scrolls of teleportation {unknown}
 v - a scroll of magic mapping {unknown}
 z - a scroll of random uselessness {unknown}
Potions
 b - a potion of flight {unknown}
 f - 2 potions of magic {unknown}
 i - 2 potions of might {unknown}
 k - a potion of lignification {unknown}
 l - 6 potions of curing {unknown}
 p - a potion of berserk rage {unknown}
 q - a potion of ambrosia {unknown}
 r - a potion of brilliance {unknown}
 s - a potion of haste {unknown}
 w - a potion of degeneration {unknown}
 x - a potion of cancellation {unknown}
Comestibles
 c - 8 rations


   Skills:
 + Level 0.2 Fighting
 + Level 3.3 Dodging
 + Level 3.5 Stealth
 + Level 7.1 Spellcasting
 + Level 4.3 Conjurations
 + Level 6.5 Fire Magic


You had 5 spell levels left.
You knew the following spells:

 Your Spells              Type           Power        Failure   Level  Hunger
a - Flame Tongue          Conj/Fire      ####.        1%          1    None
b - Throw Flame           Conj/Fire      ####..       1%          2    None
c - Conjure Flame         Conj/Fire      ####....     2%          3    None
d - Sticky Flame          Conj/Fire      ####....     8%          4    ###....
e - Fireball              Conj/Fire      ####......   22%         5    #####..


Dungeon Overview and Level Annotations

Branches:
Dungeon (5/15)             Temple (1/1) D:4

Altars:
Ashenzari
Cheibriados
Dithmenos
Elyvilon
Fedhas
Gozag
Hepliaklqana
Kikubaaqudgha
Makhleb
Nemelex Xobeh
Okawaru
Qazlal
Ru
Sif Muna
Trog
Uskayaw
Wu Jian
Xom
Yredelemnul
Zin
The Shining One


Message History

Confirm with . or Enter, or press ? or * to list all spells.
Aiming: Flame Tongue (safe; 1% risk of failure)
Press: ? - help, Shift-Dir - straight line, f/p - gnoll
Aim: a gnoll, wielding an enchanted spear (heavily wounded)
The flame tongue hits the gnoll.
You kill the gnoll!
Sif Muna accepts your kill.
The centaur wields a shortbow.
The centaur shoots an arrow.
The arrow completely misses you.
The centaur shoots an arrow.
The arrow is repelled.
You see here an arrow.
The centaur shoots an arrow.
The arrow misses you.
You see here an arrow.
The centaur shoots an arrow.
The arrow is repelled.
The centaur shoots an arrow.
The arrow hits you!
You see here 2 arrows.
The centaur shoots an arrow.
The arrow hits you!
You see here an arrow.
The centaur shoots an arrow.
The arrow hits you!
You die...

.................##...####.#.##
......##....####.#.........#
♣♣....##....# #.#.#.#######
P♣.#####....# #............
...# #....# ###.#.###### ♣P##
#....# #.#.[.# ♣♣. #....#
#.###[########
...###############.....#..(....
.[)..((.(c.(..(.@.........#
..)#####################..##
...# #.........# . ##
#.#######.###### #.# #.........
#######.#####.##.#####
....................>#
#######.#####.##..##.#
#.......##..##.#


You could see a centaur.

Vanquished Creatures
  A phantom (D:5)
  An ogre (D:4)
  A howler monkey (D:4)
  3 wights (D:2)
  2 orc priests (D:5)
  Terence (D:3)
  3 orc wizards
  5 worker ants (D:4)
  A worker ant zombie (D:5)
  8 gnolls
  2 adders (D:2)
  2 oozes
  2 worms (D:4)
  4 dart slugs
  2 leopard geckos (D:4)
  6 orcs
  A ball python (D:4)
  9 giant cockroaches
  10 hobgoblins
  9 jackals
  5 kobolds
  2 quokkas
  7 bats
  4 frilled lizards
  8 goblins
  A leopard gecko skeleton (D:4)
  11 rats
111 creatures vanquished.

Notes
Turn   | Place    | Note
-------+----------+-------------------------------------------
     0 | D:1      | nikopol the Deep Elf Fire Elementalist began the quest for the Orb.
     0 | D:1      | Reached XP level 1. HP: 10/10 MP: 6/6
   283 | D:1      | Reached XP level 2. HP: 15/15 MP: 4/8
   993 | D:2      | Reached XP level 3. HP: 19/19 MP: 6/9
  1292 | D:2      | Learned a level 2 spell: Throw Flame
  1296 | D:2      | Learned a level 3 spell: Conjure Flame
  1380 | D:2      | Reached skill level 4 in Spellcasting
  1606 | D:2      | Reached XP level 4. HP: 24/24 MP: 1/12
  1704 | D:2      | Reached XP level 5. HP: 28/28 MP: 2/13
  2108 | D:2      | Found a white marble altar of Elyvilon.
  2468 | D:3      | Reached skill level 5 in Fire Magic
  2473 | D:3      | HP: 1/28 [gnoll/club (7)]
  2776 | D:3      | Learned a level 4 spell: Sticky Flame
  2926 | D:3      | Noticed Terence
  2929 | D:3      | Reached skill level 5 in Spellcasting
  2958 | D:3      | Killed Terence
  2958 | D:3      | Reached XP level 6. HP: 32/32 MP: 0/15
  3752 | D:4      | Found a staircase to the Ecumenical Temple.
  3865 | Temple   | Entered the Ecumenical Temple
  3946 | Temple   | Became a worshipper of Sif Muna the Loreminder
  4107 | D:4      | Found a sacrificial altar of Ru.
  4116 | D:4      | Reached skill level 6 in Spellcasting
  4192 | D:4      | Reached XP level 7. HP: 25/36 MP: 15/18
  4546 | D:4      | Learned a level 5 spell: Fireball
  4741 | D:4      | Found an ornate altar of the Wu Jian Council.
  4828 | D:5      | Entered Level 5 of the Dungeon
  4873 | D:5      | Found a white marble altar of Elyvilon.
  5227 | D:5      | Reached * piety under Sif Muna
  5280 | D:5      | Reached skill level 7 in Spellcasting
  5499 | D:5      | Shot with an arrow by a centaur

Vault maps used:
D:1:      co_arrival_random_square_maze, feat_on_display
D:2:      nicolae_overflow_hidden_temple, lemuel_doored_altar
D:3:      first_ration, st_stairs_9, uniq_terence
D:4:      hangedman_ru_absence, lemuel_round_altar, minmay_temple_entry_glass,
          minmay_checkerbox
D:5:      hangedman_feature_mirror, serial_bayou_crossing
Temple:   compressed_dpeg_circular_temple

Skill      XL: |  1  2  3  4  5  6  7 |
---------------+----------------------+-----
Dodging        | 3 |  3.3
Fire Magic     | 4 5 6 |  6.5
Spellcasting   | 4 5 6 7 |  7.1
Conjurations   | 2 3 4 |  4.3
Stealth        | 3 |  3.5
Fighting       | |  0.2

Action                   |  1- 3 |  4- 6 |  7- 9 || total
-------------------------+-------+-------+-------++-------
Melee: Unarmed           |       |       |     1 ||     1
 Cast: Flame Tongue      |    74 |    89 |    83 ||   246
       Conjure Flame     |     1 |     3 |     1 ||     5
       Throw Flame       |       |     8 |       ||     8
       Sticky Flame      |       |       |     4 ||     4
  Eat: Chunk             |     2 |     5 |     3 ||    10
       Ration            |       |     1 |       ||     1
Armor: Robe              |     2 |     3 |     4 ||     9
Dodge: Dodged            |    28 |     9 |    33 ||    70
       Deflected         |       |       |     2 ||     2

Table legend:
 A = Spawn XP
 B = Non-spawn XP
 C = Spawn XP percentage of total XP
 D = Spawn monster count
 E = Non-spawn monster count
 F = Spawn count percentage of total count
 G = Total turns spent on level
                    A         B        C        D         E        F      G
               +---------+---------+-------+---------+---------+-------+---------
         Total |       0 |    1197 |   0.0 |       0 |     111 |   0.0 |  5499
               +---------+---------+-------+---------+---------+-------+---------
           D:1 |       0 |      37 |   0.0 |       0 |      22 |   0.0 |   928
           D:2 |       0 |     233 |   0.0 |       0 |      20 |   0.0 |  1387
           D:3 |       0 |     128 |   0.0 |       0 |      24 |   0.0 |  1311
           D:4 |       0 |     434 |   0.0 |       0 |      29 |   0.0 |  1122
           D:5 |       0 |     365 |   0.0 |       0 |      16 |   0.0 |   660
               +---------+---------+-------+---------+---------+-------+---------
